 Dungeon Crawl Stone Soup version 0.29-a0-337-g68df138881 (webtiles) character file.

Game seed: 17853801162047904872

350 Jortsu the Chopper (level 6, -3/53 HPs)
             Began as a Hill Orc Fighter on Apr 16, 2022.
             Slain by a centaur (5 damage)
             ... on level 6 of the Dungeon.
             The game lasted 00:05:08 (4215 turns).

Jortsu the Chopper (Hill Orc Fighter)               Turns: 4215, Time: 00:05:09

Health: -3/53      AC: 10    Str: 27    XL:     6   Next: 60%
Magic:  6/6        EV: 10    Int:  8    God:
Gold:   233        SH:  5    Dex: 10    Spells: 5/5 levels left

rFire   . . .      SeeInvis +   a - +0 war axe
rCold   . . .      Faith    .   c - +1 buckler
rNeg    . . .      Spirit   .   b - +0 scale mail
rPois   .          Reflect  .   (no helmet)
rElec   .          Harm     .   (no cloak)
rCorr   .          Rampage  .   u - +2 pair of gloves
Will    .....                   (no boots)
Stlth   ..........              (no amulet)
HPRegen 0.17/turn               l - ring of see invisible
MPRegen 0.10/turn               p - +6 ring of strength

@: mighty, lethally poisoned (-3 -> -3)
A: no striking features
a: no special abilities


You were on level 6 of the Dungeon.
You visited 1 branch of the dungeon, and saw 6 of its levels.

You collected 233 gold pieces.

Inventory:

Hand Weapons
 a - a +0 war axe (weapon)
Armour
 b - a +0 scale mail (worn)
 c - a +1 buckler (worn)
 u - a +2 pair of gloves (worn)
Jewellery
 l - a ring of see invisible (left hand)
 m - a ring of wizardry
 p - a +6 ring of strength (right hand)
Wands
 t - a wand of flame (15)
Scrolls
 f - 3 scrolls of blinking
 g - a scroll of magic mapping
 h - 3 scrolls of teleportation
 n - a scroll of summoning
 q - a scroll of enchant armour
Potions
 d - a potion of might
 e - a potion of invisibility {unknown}
 i - a potion of resistance
 j - a potion of brilliance
 k - a potion of mutation {unknown}
 o - 2 potions of curing
 r - a potion of attraction {unknown}
 s - a potion of flight {unknown}


   Skills:
 + Level 4.6 Fighting
 + Level 5.8 Axes
 + Level 4.7 Armour
 + Level 1.6 Dodging
 + Level 0.1 Stealth
 + Level 4.1 Shields


You had 5 spell levels left.
You didn't know any spells.
Your spell library contained the following spells:

 Spells                   Type           Power      Damage    Failure   Level
 Sting                    Tmut/Pois      0%         1d3       77%         1
 Corpse Rot               Necr/Air       0%         N/A       88%         2
 Poisonous Vapours        Pois/Air       0%         N/A       88%         2
 Olgreb's Toxic Radiance  Pois           0%         N/A       100%        4


Dungeon Overview and Level Annotations

Branches:
Dungeon (6/15)             Temple (0/1) D:4

Altars:
Makhleb
Okawaru


Message History

You block the centaur's attack. x2
You hit the centaur.
The centaur is moderately wounded.
You feel very sick.
The centaur hits you but does no damage.
The centaur kicks you but does no damage.
The centaur hits you but does no damage.
The centaur closely misses you.
You feel very mighty all of a sudden.
You feel sick.
The kobold brigand hits you with a +0 club.
* * * LOW HITPOINT WARNING * * *
The centaur hits you but does no damage.
The centaur misses you.
You barely miss the centaur.
The centaur is moderately wounded.
You closely miss the kobold brigand.
You feel sick. The centaur hits you.
* * * LOW HITPOINT WARNING * * *
The centaur closely misses you.
The kobold brigand hits you but does no damage.
The centaur hits you.
* * * LOW HITPOINT WARNING * * *
The centaur kicks you but does no damage.
You hit the centaur.
The centaur is heavily wounded.
You miss the kobold brigand.
You feel sick.
The centaur hits you but does no damage.
The centaur barely misses you. The kobold brigand closely misses you.
The centaur barely misses you.
The centaur kicks you but does no damage.
The kobold brigand hits you but does no damage.
You barely miss the centaur.
The centaur is heavily wounded.
You closely miss the kobold brigand.
You feel sick. The centaur barely misses you.
The centaur kicks you but does no damage.
The kobold brigand hits you with a +0 club.
* * * LOW HITPOINT WARNING * * *
The centaur hits you.
You die...

### #..
#####.#####.####
#.....c@KKgK....
....##<#####.###.
........#
.##..##.. ....
...# #.# #c.# .
#..# #..# #..#


You could see a kobold brigand, a centaur, a gnoll and 2 kobolds.

Vanquished Creatures
  A phantom (D:4)
  A howler monkey (D:5)
  A hound (D:4)
  Jessica (D:2)
  An orc wizard (D:3)
  3 gnolls (D:4)
  4 adders
  2 worms (D:3)
  3 dart slugs
  6 orcs
  7 ball pythons
  A bat (D:1)
  6 endoplasms
  2 giant cockroaches
  6 goblins
  8 hobgoblins
  3 jackals (D:2)
  6 quokkas
  6 frilled lizards
  12 kobolds
  2 rats
82 creatures vanquished.

Notes
Turn   | Place    | Note
-------+----------+-------------------------------------------
     0 | D:1      | Jortsu the Hill Orc Fighter began the quest for the Orb.
     0 | D:1      | Reached XP level 1. HP: 19/19 MP: 1/1
   514 | D:1      | Reached XP level 2. HP: 27/27 MP: 2/2
   545 | D:1      | Reached skill level 3 in Axes
   621 | D:1      | Found a faded altar of an unknown god.
   983 | D:2      | You fall into a shaft and drop 2 floors!
   985 | D:4      | Found a staircase to the Ecumenical Temple.
  1004 | D:4      | Reached XP level 3. HP: 32/33 MP: 3/3
  1020 | D:4      | Reached XP level 4. HP: 30/40 MP: 4/4
  1173 | D:3      | Reached skill level 4 in Axes
  1618 | D:3      | Reached XP level 5. HP: 41/46 MP: 5/5
  2072 | D:2      | Noticed Jessica
  2074 | D:2      | Killed Jessica
  2075 | D:2      | Reached skill level 5 in Axes
  2177 | D:2      | Found a burning altar of Makhleb.
  2603 | D:2      | Identified the +1 cloak "Juprun" {rF+ Str-4 Dex-4 Slay+5}
  2968 | D:4      | Reached skill level 1 in Dodging
  3296 | D:4      | Noticed a phantom
  3320 | D:4      | Killed a phantom
  3321 | D:4      | Reached XP level 6. HP: 44/53 MP: 6/6
  3466 | D:4      | Found an iron altar of Okawaru.
  3637 | D:5      | Entered Level 5 of the Dungeon
  4215 | D:6      | HP: 2/53 [kobold brigand/+0 club (1)]
  4215 | D:6      | Slain by a centaur

Illustrated notes

Levels and vault maps discovered:
D:1:      lightli_arrival_noodles, layout_rooms, ebering_ecumenical_altar_ruins
D:2:      layout_loops_ring, basic_altar, minmay_goblin_kobold_house,
          uniq_jessica
D:3:      layout_rooms
D:4:      layout_basic, okawaru_gym_becter, minmay_temple_entry_arrows
D:5:      layout_cave_pools
D:6:      minmay_general_purpose_star, layout_loops_ring

Skill      XL: |  1  2  3  4  5 |
---------------+----------------+-----
Axes           | 3 4 5 |  5.8
Fighting       | 4 |  4.6
Armour         | 4 |  4.7
Shields        | 4 |  4.1
Dodging        | 1 |  1.6
Stealth        | |  0.1

Action                   |  1- 3 |  4- 6 || total
-------------------------+-------+-------++-------
Melee: War axe           |    67 |   195 ||   262
  Use: Scroll            |     4 |     9 ||    13
       Potion            |       |     1 ||     1
Armor: Scale mail        |    32 |    83 ||   115
Dodge: Dodged            |    28 |    77 ||   105
Block: Buckler           |    14 |    51 ||    65

Table legend: (Time is in decaauts)
 A = Elapsed time spent in this place.
 B = Non-inter-level travel time spent in this place.
 C = Inter-level travel time spent in this place.
 D = Time resting spent in this place.
 E = Time spent auto-exploring this place.
 F = Levels seen in this place.
 G = Mean time per level.
                   A        B        C        D        E       F      G
               +--------+--------+--------+--------+--------+-----+--------+
         Total |   4296 |   4097 |    199 |    402 |   2850 |   6 |  716.0 |
       Dungeon |   4296 |   4097 |    199 |    402 |   2850 |   6 |  716.0 |
               +--------+--------+--------+--------+--------+-----+--------+

Top non-repeatable levels by time:
     D:4: 1088 daAuts
     D:1: 985 daAuts
     D:3: 902 daAuts
     D:2: 736 daAuts
     D:5: 568 daAuts
     D:6: 15 daAuts
